 Dungeon Crawl Stone Soup version 0.28.0-1-gb440e238dd (webtiles) character file.

Game seed: 13687511097635173189

191 ewhitman the Chopper (level 5, -1/48 HPs)
             Began as a Hill Orc Berserker on Feb 25, 2022.
             Was a Believer of Trog.
             Slain by Ijyb (20 damage)
             ... while paralysed by Grinder
             ... on level 3 of the Dungeon.
             The game lasted 00:09:00 (2878 turns).

ewhitman the Chopper (Hill Orc Berserker)           Turns: 2878, Time: 00:09:00

Health: -1/48      AC: 12    Str: 22    XL:     5   Next: 70%
Magic:  5/5        EV:  2    Int:  7    God:    Trog [**....]
Gold:   116        SH:  0    Dex: 12    Spells: 4/4 levels left

rFire   . . .      SeeInvis .   h - +7 whip "Sated" {speed, Dex+2}
rCold   . . .      Faith    .   i - +0 buckler
rNeg    . . .      Spirit   .   c - +0 plate armour
rPois   .          Reflect  .   f - +0 helmet
rElec   .          Harm     .   (no cloak)
rCorr   .          Rampage  .   (no gloves)
Will    .....                   (no boots)
Stlth   ..........              (no amulet)
HPRegen 0.16/turn               (no ring)
MPRegen 0.09/turn               (no ring)

@: paralysed
A: no striking features
a: Renounce Religion, Berserk, Trog's Hand


You were on level 3 of the Dungeon.
You worshipped Trog.
Trog was pleased with you.
You visited 1 branch of the dungeon, and saw 3 of its levels.

You collected 116 gold pieces.

Inventory:

Hand Weapons
 a - a +0 hand axe of electrocution
 h - the +7 whip "Sated" (weapon) {speed, Dex+2}
   (You found it on level 2 of the Dungeon)

   Attacks with this weapon are significantly faster.
   Dex:       It affects your dexterity (+2).
Armour
 c - a +0 plate armour (worn)
 f - a +0 helmet (worn)
 i - a +0 buckler (worn)
Scrolls
 b - 2 scrolls of enchant armour {unknown}
 k - a scroll of identify {unknown}
Potions
 d - 2 potions of resistance {unknown}
 e - a potion of ambrosia {unknown}
 g - a potion of lignification {unknown}
 j - 3 potions of curing {unknown}


   Skills:
 + Level 5.1 Fighting
 + Level 5.5 Axes
 + Level 3.8 Armour
 + Level 2.0 Dodging


You had 4 spell levels left.
You didn't know any spells.
Your spell library was empty.

Dungeon Overview and Level Annotations

Branches:
Dungeon (3/15)

Altars:

Shops:
D:1 =*

Annotations:
D:3 Grinder, Ijyb


Message History

Ijyb zaps a wand.
The puff of flame hits you!
Grinder blinks!
Ijyb zaps a wand.
The puff of flame hits you!
There is a stone staircase leading up here.
You climb upwards.
There is a stone staircase leading down here.
You start resting.
A goblin comes into view. It is wielding a +0 dagger.
The goblin shouts!
You hit the goblin.
You kill the goblin!
Trog accepts your kill.
No target in view!
Things that are here:
a +0 dagger; a goblin corpse You start resting.
HP restored.
There is a stone staircase leading down here.
You climb downwards.
Level annotation: Grinder, Ijyb
There is a stone staircase leading up here.
Ijyb zaps a wand.
The puff of flame hits you but does no damage.
Ijyb zaps a wand.
The puff of flame hits you.
There is a stone staircase leading up here.
Ijyb zaps a wand.
The puff of flame misses you.
Ijyb zaps a wand.
The puff of flame hits you.
There is a stone staircase leading up here.
Ijyb hits you with a +0 dagger of electrocution.
You are electrocuted!
There is a stone staircase leading up here.
Ijyb hits you but does no damage. Grinder gestures at you.
You suddenly lose the ability to move!
Ijyb hits you but does no damage. x2
You are electrocuted!
Grinder gestures at you.
You shrug off the repeated paralysis!
Ijyb hits you but does no damage.
You are electrocuted!!
You die...

....##†.........# ########
###.##......#.### #......#
......).......# ####.####.#
.##.##)#....########....####.#
###.##.##.#.# #.....#.....#.#
###.........# #.###....##.#.#
....##.######
#.######.#....#### #####...#
#.5.# #.[........ # #...# #@#.#
###...##### # #...# #g..#
######### # #...#
###.#####.......#
#####...#######.......#.......#
.............#........#.......#
..........g..g................#
.............#........#.......#
#####...######........#.......#
# #...# #................#


You could see Grinder and Ijyb.

Vanquished Creatures
  A necrophage (D:3)
  3 gnolls (D:2)
  3 adders
  2 worms
  An orc (D:3)
  3 ball pythons
  3 endoplasms (D:1)
  2 giant cockroaches
  4 goblins
  4 hobgoblins
  3 jackals
  5 bats
  5 frilled lizards
  5 kobolds
  7 rats
51 creatures vanquished.

Notes
Turn   | Place    | Note
-------+----------+-------------------------------------------
     0 | D:1      | ewhitman the Hill Orc Berserker began the quest for the
                  | Orb.
     0 | D:1      | Reached XP level 1. HP: 19/19 MP: 1/1
    28 | D:1      | Found a faded altar of an unknown god.
   219 | D:1      | Found Hury's One-of-a-Kind Rings.
   412 | D:1      | Reached XP level 2. HP: 27/27 MP: 2/2
   865 | D:1      | Found Wumer's Assorted Antiques.
  1253 | D:2      | Identified the +7 whip "Sated" {speed, Dex+2}
  1328 | D:2      | Reached XP level 3. HP: 33/33 MP: 3/3
  1681 | D:2      | Reached XP level 4. HP: 31/41 MP: 4/4
  1690 | D:2      | Reached skill level 5 in Axes
  2215 | D:3      | Noticed Grinder
  2252 | D:3      | Reached ** piety under Trog
  2282 | D:3      | Noticed a necrophage
  2294 | D:3      | Killed a necrophage
  2295 | D:3      | Reached skill level 5 in Fighting
  2295 | D:3      | Reached XP level 5. HP: 41/48 MP: 5/5
  2696 | D:3      | Noticed Ijyb
  2875 | D:3      | Paralysed by Grinder for 7 turns
  2878 | D:3      | Slain by Ijyb

Illustrated notes

Levels and vault maps discovered:
D:1:      minmay_arrival_up_and_down, layout_basic,
          ebering_ecumenical_altar_mist, serial_shops, shop_fountains,
          hex_large, nicolae_shop_unique_rings
D:2:      minmay_diamond_boxcup, layout_loops_corners
D:3:      layout_loops_cross, uniq_grinder, uniq_ijyb

Skill      XL: |  1  2  3  4 |
---------------+-------------+-----
Fighting       | 4 5 |  5.1
Axes           | 5 |  5.5
Armour         | 3 |  3.8
Dodging        | 2 |  2.0

Action                   |  1- 3 |  4- 6 || total
-------------------------+-------+-------++-------
Melee: Hand axe          |    60 |       ||    60
       Whip              |    30 |    42 ||    72
       Punch             |     1 |       ||     1
  Use: Scroll            |     4 |       ||     4
Armor: Animal skin       |     7 |       ||     7
       Plate armour      |    41 |    23 ||    64
Dodge: Dodged            |    26 |     7 ||    33
Block: Buckler           |       |     4 ||     4
